 Dungeon Crawl Stone Soup version 0.18-a0-1347-gb9e2fb4 (webtiles) character file.

35 Oddball22 the Sneak (level 3, -3/18 HPs)
             Began as a Vine Stalker Enchanter on Feb 17, 2016.
             Slain by an iron imp (8 damage)
             ... summoned by Natasha
             ... on level 2 of the Dungeon.
             The game lasted 00:03:11 (1080 turns).

Oddball22 the Sneak (Vine Stalker Enchanter)        Turns: 1080, Time: 00:03:11

Health: -3/18      AC:  3    Str: 10    XL:     3   Next: 33%
Magic:  0/7        EV:  7    Int: 15    God:
Gold:   11         SH:  0    Dex: 15    Spells: 3 memorised, 0 levels left

rFire  . . .     SeeInvis .     a - +1 dagger
rCold  . . .     Gourm    .     b - +1 robe
rNeg   . . .     Faith    .     (no shield)
rPois  .         Spirit   +     (no helmet)
rElec  .         Dismiss  .     (no cloak)
rCorr  .         Reflect  .     (no gloves)
SustAt .         Harm     .     (no boots)
MR     .....                    (no amulet)
Stlth  +.........               (no ring)
                                k - ring of loudness (curse)

@: slowed, very slow, not resistant to hostile enchantments, very unstealthy
A: fangs 2, regeneration 1, magic shield, antimagic bite, no device heal 3, rot
immunity
a: no special abilities


You were on level 2 of the Dungeon.
You were not hungry.

You visited 1 branch of the dungeon, and saw 2 of its levels.

You collected 11 gold pieces.

Inventory:

Hand Weapons
 a - a +1 dagger (weapon)
Armour
 b - a +1 robe (worn)
Jewellery
 k - a cursed ring of loudness (left hand)
Scrolls
 i - a scroll of magic mapping {unknown}
 j - a scroll of immolation {unknown}
Potions
 e - 2 potions of curing {unknown}
 h - a potion of degeneration {unknown}
Books
 c - a book of Maledictions

   Spells                             Type                      Level
   a - Corona                         Hexes                        1
   b - Ensorcelled Hibernation        Hexes/Ice                    2
   c - Confuse                        Hexes                        3
   d - Tukima's Dance                 Hexes                        3
   e - Dazzling Spray                 Conjuration/Hexes            3
Comestibles
 d - 4 bread rations
 f - a meat ration
 g - 5 chunks of flesh


   Skills:
 + Level 1.0 Fighting
 * Level 2.1 Short Blades
 + Level 1.9 Dodging
 - Level 3.6 Stealth
 - Level 2.1 Spellcasting
 - Level 3.0 Hexes


You couldn't memorise any spells.
You knew the following spells:

 Your Spells              Type           Power        Failure   Level  Hunger
a - Corona                Hex            ##.....      8%          1    #......
b - Ensorcelled Hibernat  Hex/Ice        #.....       17%         2    ###....
c - Confuse               Hex            ##......     21%         3    ###....


Dungeon Overview and Level Annotations

Branches:
Dungeon (2/15)

Altars:

Annotations:
D:2 Natasha


Innate Abilities, Weirdness & Mutations

You have extremely sharp teeth.
Your natural rate of healing is unusually fast.
When hurt, damage is shared between your health and your magic reserves.
Your bite disrupts and absorbs the magic of your enemies.
Potions and wands cannot restore your health.
You are immune to rotting.


Message History

Natasha mumbles some strange words.
Natasha glows brightly for a moment.
Natasha claws you.
* * * LOW HITPOINT WARNING * * *
You barely miss Natasha.
Natasha is heavily wounded.
Natasha wildly gestures.
Natasha glows brightly for a moment.
Natasha claws you but does no damage.
Natasha stares at you and mumbles some strange words.
You feel as though you will be slow longer.
Natasha stares at you and mumbles some strange words.
You feel as though you will be slow longer.
There is an open door here.
Natasha closely misses you.
Natasha mumbles some strange words.
The jackal barks!
There is a stone staircase leading up, spattered with blood here.
The iron imp hits you!
You die...

#### ###### #...#####
#....# #.......#####....#
+................+
#.......#........#
#.......#...h....#######
##..........h..........#
...........###..........#
...........# ###@5......#
h...#....#########h.....#
....#....###.........####
..h #........##.......#
.. ..........##.......#
...........'.......+
.##....##.......#
.........########..
........... ...


You could see an iron imp, Natasha and 2 jackals.

Vanquished Creatures
  2 oozes (D:1)
  2 worms (D:1)
  2 goblins (D:1)
  3 hobgoblins (D:1)
  A jackal (D:1)
  7 bats (D:1)
  A giant newt (D:1)
  2 kobolds (D:1)
  3 rats
23 creatures vanquished.

Notes
Turn   | Place    | Note
--------------------------------------------------------------
     0 | D:1      | Oddball22 the Vine Stalker Enchanter began the quest for the Orb.
     0 | D:1      | Reached XP level 1. HP: 9/9 MP: 4/4
    13 | D:1      | Reached skill level 1 in Short Blades
   149 | D:1      | Reached XP level 2. HP: 14/14 MP: 6/6
   738 | D:1      | Reached XP level 3. HP: 15/17 MP: 7/7
   827 | D:1      | Reached skill level 1 in Fighting
   957 | D:1      | Learned a level 2 spell: Ensorcelled Hibernation
   961 | D:1      | Learned a level 3 spell: Confuse
  1061 | D:2      | Noticed Natasha
  1080 | D:2      | Slain by an iron imp

Vault maps used:
D:1:      zelgadis_glass_arrival_small
D:2:      kennysheep_the_goblin_king, uniq_natasha

Action                   || total
-------------------------++-------
Melee: Dagger            ||    92
 Cast: Ensorcelled Hiber ||     5
       Corona            ||     1
 Stab: Sleeping          ||     6
  Eat: Chunk             ||     1
